 Dungeon Crawl Stone Soup version 0.28.0 (webtiles) character file.

Game seed: 562306220613316223

65317 browni3141 the Severer (level 14, -7/133 HPs)
             Began as a Minotaur Berserker on Feb 10, 2022.
             Was a High Priest of Trog.
             Mangled by a salamander (10 damage)
             ... on level 2 of the Snake Pit.
             The game lasted 00:14:17 (17416 turns).

browni3141 the Severer (Minotaur Berserker)        Turns: 17416, Time: 00:14:18

Health: -7/133     AC: 19    Str: 27    XL:     14   Next: 75%
Magic:  13/13      EV: 13    Int: 12    God:    Trog [*****.]
Gold:   1188       SH:  0    Dex: 10    Spells: 13/13 levels left

rFire   . . .      SeeInvis .   j - +10 battleaxe of Uquido {freeze, Stlth+}
rCold   . . .      Faith    .   (shield currently unavailable)
rNeg    . . .      Spirit   .   U - +1 chain mail of Narcissism {rPois Int+2}
rPois   +          Reflect  .   (helmet restricted)
rElec   .          Harm     .   (no cloak)
rCorr   .          Rampage  .   R - +0 pair of gloves
Will    +....                   (no boots)
Stlth   ..........              r - amulet of regeneration
HPRegen 1.12/turn               y - +6 ring of intelligence
MPRegen 0.13/turn               W - +4 ring of protection

@: weakened, on berserk cooldown, slowed, very slow
A: horns 2, retaliatory headbutt
a: Renounce Religion, Berserk, Trog's Hand, Brothers in Arms


You were on level 2 of the Snake Pit.
You worshipped Trog.
Trog was extremely pleased with you.
You visited 3 branches of the dungeon, and saw 19 of its levels.

You collected 1456 gold pieces.
You spent 268 gold pieces at shops.

Inventory:

Hand Weapons
 a - a +0 hand axe
 j - the +10 battleaxe of Uquido (weapon) {freeze, Stlth+}
   (You found it on level 2 of the Dungeon)

   It freezes those it strikes, dealing additional cold damage.
   It can also slow down cold-blooded creatures.
   Stlth:     It makes you more stealthy.
Missiles
 q - 5 throwing nets (quivered)
Armour
 b - a +0 animal skin
 v - a +1 leather armour of cold resistance
 w - a +2 chain mail of cold resistance
 K - the +4 chain mail "Zaskygohe" {Harm Will+}
   (You found it on level 2 of the Lair of Beasts)

   Harm:      It increases damage dealt and taken.
   Will:      It increases your willpower.
 M - the +0 plate armour "Veusuesa" {rElec}
   (You found it on level 2 of the Lair of Beasts)

   rElec:     It insulates you from electricity.
 R - a +0 pair of gloves (worn)
 U - the +1 chain mail of Narcissism (worn) {rPois Int+2}
   (You found it on level 6 of the Lair of Beasts)

   Int:       It affects your intelligence (+2).
   rPois:     It protects you from poison.
Jewellery
 m - an amulet of guardian spirit
 r - an amulet of regeneration (around neck)
 y - a +6 ring of intelligence (left hand)
 I - a ring of ice
 V - a ring of positive energy
 W - a +4 ring of protection (right hand)
Wands
 h - a wand of acid (5)
 p - a wand of polymorph (15)
 C - a wand of paralysis (5)
 H - a wand of flame (27)
 Q - a wand of mindburst (9)
 T - a wand of digging (3)
Scrolls
 d - 3 scrolls of immolation
 e - 3 scrolls of teleportation
 f - 6 scrolls of blinking
 g - 3 scrolls of vulnerability
 i - 2 scrolls of enchant armour
 n - 5 scrolls of fear
 o - 3 scrolls of amnesia
 s - 2 scrolls of brand weapon
 u - a scroll of holy word
 G - 2 scrolls of fog
 J - 2 scrolls of noise
 L - a scroll of enchant weapon
 O - 2 scrolls of magic mapping
 X - a scroll of identify
Potions
 c - 3 potions of attraction
 k - 4 potions of heal wounds
 l - a potion of berserk rage
 t - 4 potions of haste
 x - 2 potions of cancellation {unknown}
 z - 3 potions of degeneration {unknown}
 A - 9 potions of curing
 B - a potion of brilliance {unknown}
 D - 3 potions of flight
 E - a potion of might {unknown}
 F - a potion of mutation {unknown}
 N - 2 potions of ambrosia {unknown}
 P - a potion of invisibility {unknown}
 S - a potion of magic {unknown}


   Skills:
 + Level 14.5 Fighting
 + Level 19.9 Axes
 + Level 14.3 Armour
 + Level 13.2 Dodging


You had 13 spell levels left.
You didn't know any spells.
Your spell library was empty.

Dungeon Overview and Level Annotations

Branches:
Dungeon (11/15)            Temple (0/1) D:7            Lair (6/6) D:11
 Shoals (0/4) Lair:4        Snake (2/4) Lair:3        Slime (0/5) Lair:6
    Orc: D:9-12

Altars:
Ashenzari
Fedhas
Okawaru
Trog
Wu Jian
The Shining One
Jiyva

Shops:
D:2 =   D:7 !   D:8 [   Snake:2 **[*[

Annotations:
Lair:6 1 runed translucent door, exclusion: oklob plant


Innate Abilities, Weirdness & Mutations

You have a pair of horns on your head.
You reflexively headbutt those who attack you in melee.


Message History

The salamander barely misses you.
You slash the salamander tyrant! You freeze the salamander tyrant.
You headbutt the salamander tyrant.
The salamander tyrant is almost dead.
The salamander tyrant hits you but does no damage.
The salamander hits you from afar with a +0 trident!
You are engulfed in flames!
You slice the salamander tyrant!! You freeze the salamander tyrant.
You kill the salamander tyrant!
Trog accepts your kill.
Trog appreciates your killing of a magic user.
You slice the salamander!! You freeze the salamander.
The salamander hits you with a +0 morningstar.
You are engulfed in flames!
The salamander hits you but does no damage.
You barely miss the salamander.
The salamander is moderately wounded.
The salamander barely misses you.
The salamander hits you but does no damage.
The salamander closely misses you. You furiously retaliate!
You headbutt the salamander.
You hit the salamander but do no damage.
The salamander is moderately wounded.
The salamander hits you from afar with a +0 trident!
You are engulfed in flames!
* * * LOW HITPOINT WARNING * * *
The salamander hits you with a +0 morningstar.
* * * LOW HITPOINT WARNING * * *
You are engulfed in flames!
* * * LOW HITPOINT WARNING * * *
You are too injured to fight recklessly!
You are too injured to fight recklessly!
The salamander hits you with a +0 trident.
* * * LOW HITPOINT WARNING * * *
You are engulfed in flames!
* * * LOW HITPOINT WARNING * * *
The salamander hits you with a +0 morningstar.
* * * LOW HITPOINT WARNING * * *
You are engulfed in flames!
You die...

##........## ...........
#.........<####..................
#.)..........##...............##.
#................................
##..#.#..........................
#...∩...........................
#..#.#............# #...........
##.............N..###...........
#............N@..)))....>......
####.....).........†).....####...
#......######'##'#####...####....
##.....# .. ##' ##..###.<...
##....# ... . #...#...... ##...#
.. .. ##.......... #...# . ..
#........... #...# ..#
#........... ##..# ##.∩..>.....


You could see 2 salamanders.

Vanquished Creatures
  Fannar (Lair:1)
  A boulder beetle (Lair:3)
  The ghost of Zoobame the Devastator, a journeyman DEWz of Sif Muna (Lair:2)
  2 hydras (Lair:3)
  A salamander tyrant (Snake:2)
  4 naga warriors
  5 catoblepae
  An anaconda (Snake:2)
  A two-headed ogre (D:9)
  16 death yaks (Lair:6)
  5 naga sharpshooters
  A naga ritualist (Snake:2)
  Pikel (D:5)
  An ugly thing (D:11)
  2 mana vipers
  2 manticores (Lair:6)
  A moth of wrath (Lair:2)
  6 elephants
  5 naga magi
  9 black mambas
  2 torpor snails
  A guardian serpent (Snake:2)
  A gargoyle (D:11)
  An unseen horror (D:11)
  13 cane toads
  4 rime drakes
  10 komodo dragons
  2 hornets (Lair:2)
  Grinder (D:6)
  A troll (D:11)
  3 polar bears
  9 blink frogs (Lair:6)
  50 yaks
  13 spriggans
  3 wyverns
  4 basilisks
  Menkaure (D:4)
  Edmund (D:6)
  22 nagas
  4 acid dragons
  17 water moccasins
  2 ice beasts
  2 orc warriors
  4 black bears
  2 necrophages
  A lemure (D:5)
  3 centaurs
  15 wolves
  A kobold brigand (D:6)
  20 bullfrogs
  A wyvern zombie (D:8)
  6 scorpions
  5 killer bees (D:8)
  2 howler monkeys (D:11)
  A bullfrog zombie (D:6)
  3 centaur zombies (D:9)
  9 orc priests
  A jelly (D:6)
  A centaur skeleton (D:7)
  A gnoll shaman (D:7)
  2 hounds
  Ijyb (D:4)
  10 orc wizards
  3 iguanas
  A killer bee zombie (D:9)
  A hound skeleton (D:4)
  A howler monkey skeleton (D:4)
  A howler monkey zombie (D:5)
  7 adders
  9 gnolls
  A white imp (D:7)
  An ufetubus (D:4)
  An adder skeleton (D:4)
  A worm (D:4)
  A dart slug (D:1)
  26 orcs
  7 endoplasms
  5 giant cockroaches
  8 goblins
  10 hobgoblins
  9 jackals
  12 kobolds
  4 quokkas
  8 ball pythons
  7 bats
  A frilled lizard (D:2)
  9 rats
  A bush (Lair:6)
457 creatures vanquished.

Vanquished Creatures (collateral kills)
  2 hydras
2 creatures vanquished.

Vanquished Creatures (others)
  53 fungi
  96 plants
149 creatures vanquished.

Grand Total: 608 creatures vanquished

Notes
Turn   | Place    | Note
-------+----------+-------------------------------------------
     0 | D:1      | browni3141 the Minotaur Berserker began the quest for the
                  | Orb.
     0 | D:1      | Reached XP level 1. HP: 19/19 MP: 0/0
   240 | D:1      | Reached XP level 2. HP: 27/27 MP: 1/1
   639 | D:1      | Reached skill level 4 in Axes
   962 | D:1      | Reached XP level 3. HP: 33/33 MP: 2/2
  1212 | D:2      | Found Amem's Jewellery Boutique.
  1267 | D:2      | Identified the +10 battleaxe of Uquido {freeze, Stlth+}
  1338 | D:2      | Reached ** piety under Trog
  1594 | D:2      | Found a faded altar of an unknown god.
  1654 | D:2      | Found an iron altar of Okawaru.
  1885 | D:3      | Reached XP level 4. HP: 40/40 MP: 3/3
  1886 | D:3      | Found a blossoming altar of Fedhas.
  1922 | D:3      | Reached skill level 5 in Axes
  2271 | D:3      | Reached skill level 6 in Axes
  2385 | D:3      | Reached *** piety under Trog
  2511 | D:4      | Reached XP level 5. HP: 44/46 MP: 4/4
  2614 | D:4      | Reached skill level 7 in Axes
  2861 | D:4      | Reached XP level 6. HP: 51/52 MP: 5/5
  2901 | D:4      | Noticed Ijyb
  2907 | D:4      | Killed Ijyb
  2945 | D:4      | HP: 2/52 [gnoll (6)]
  2948 | D:4      | Reached skill level 8 in Axes
  3402 | D:4      | Noticed Menkaure
  3406 | D:4      | Killed Menkaure
  3647 | D:5      | Entered Level 5 of the Dungeon
  3658 | D:5      | Reached skill level 9 in Axes
  3658 | D:5      | Reached XP level 7. HP: 59/59 MP: 3/6
  3960 | D:5      | Reached skill level 10 in Axes
  4100 | D:5      | Noticed Pikel
  4109 | D:5      | Killed Pikel
  4110 | D:5      | Reached skill level 12 in Axes
  4110 | D:5      | Reached XP level 8. HP: 66/66 MP: 7/7
  4149 | D:5      | Reached **** piety under Trog
  4691 | D:6      | Reached skill level 13 in Axes
  4829 | D:6      | Noticed Edmund
  4835 | D:6      | Killed Edmund
  4896 | D:6      | Noticed Grinder
  4903 | D:6      | Killed Grinder
  4904 | D:6      | Reached skill level 14 in Axes
  4904 | D:6      | Reached XP level 9. HP: 71/71 MP: 8/8
  5727 | D:7      | Reached skill level 15 in Axes
  5826 | D:7      | Found Wobriluo's Distillery.
  5844 | D:7      | Bought a potion of curing for 36 gold pieces
  5863 | D:7      | Found a staircase to the Ecumenical Temple.
  6256 | D:8      | Reached skill level 5 in Fighting
  6342 | D:8      | Found an ornate altar of the Wu Jian Council.
  6386 | D:8      | Found Cuok's Armour Shop.
  6436 | D:8      | Reached skill level 5 in Armour
  6677 | D:8      | Reached XP level 10. HP: 83/83 MP: 9/9
  6888 | D:9      | Reached skill level 5 in Dodging
  6948 | D:9      | Found a broken altar of Ashenzari.
  7080 | D:9      | Noticed a two-headed ogre
  7087 | D:9      | Killed a two-headed ogre
  7181 | D:9      | Found a glowing golden altar of the Shining One.
  7383 | D:10     | Entered Level 10 of the Dungeon
  7702 | D:11     | Noticed a red ugly thing
  7711 | D:11     | Killed a red ugly thing
  7712 | D:11     | Reached skill level 16 in Axes
  8015 | D:11     | Reached XP level 11. HP: 46/94 MP: 10/10
  8017 | D:11     | Found a staircase to the Lair.
  8536 | Lair:1   | Entered Level 1 of the Lair of Beasts
  8639 | Lair:1   | Reached ***** piety under Trog
  8760 | Lair:1   | Noticed an eight-headed hydra
  8768 | Lair:1   | Killed an eight-headed hydra
  9389 | Lair:1   | Noticed Fannar
  9401 | Lair:1   | Reached skill level 17 in Axes
  9410 | Lair:1   | Killed Fannar
  9875 | Lair:2   | Reached skill level 10 in Fighting
  9875 | Lair:2   | Reached XP level 12. HP: 106/106 MP: 11/11
  9927 | Lair:2   | Identified the +4 chain mail "Zaskygohe" {Harm Will+}
 10043 | Lair:2   | Noticed a five-headed hydra
 10052 | Lair:2   | Killed a five-headed hydra
 10261 | Lair:2   | Reached skill level 10 in Armour
 10295 | Lair:2   | Found a transporter.
 10302 | Lair:2   | Found a transporter.
 10303 | Lair:2   | Noticed Zoobame's ghost (journeyman DEWz)
 10317 | Lair:2   | Found a bloodstained altar of Trog.
 10486 | Lair:2   | Killed Zoobame's ghost
 10507 | Lair:2   | Identified the +0 plate armour "Veusuesa" {rElec}
 10679 | Lair:3   | Found a staircase to the Snake Pit.
 10975 | Lair:3   | Reached skill level 10 in Dodging
 11151 | Lair:3   | Noticed a catoblepas
 11151 | Lair:3   | Noticed a boulder beetle
 11155 | Lair:3   | Noticed a seven-headed hydra
 11159 | Lair:3   | Noticed a seven-headed hydra
 11179 | Lair:3   | Killed a boulder beetle
 11180 | Lair:3   | Reached skill level 18 in Axes
 11182 | Lair:3   | Killed a ten-headed hydra
 11187 | Lair:3   | Killed a catoblepas
 11188 | Lair:3   | Killed an 11-headed hydra
 11357 | Lair:3   | Reached XP level 13. HP: 117/117 MP: 12/12
 12513 | Lair:4   | Found a staircase to the Shoals.
 13267 | Lair:5   | Identified the +5 war axe "Irreheth" {antimagic, Drain
                  | +Blink Str+9}
 13615 | Lair:6   | Entered Level 6 of the Lair of Beasts
 14525 | Lair:6   | Reached skill level 19 in Axes
 14857 | Lair:6   | Identified the +11 halberd of Past Mistakes {spect, Fragile
                  | rPois Dex+7}
 14976 | Lair:6   | Reached XP level 14. HP: 129/129 MP: 13/13
 15121 | Lair:6   | Found a runed translucent door.
 15122 | Lair:6   | Found a viscous altar of Jiyva.
 15123 | Lair:6   | Noticed an azure jelly
 15124 | Lair:6   | Found a staircase to the Slime Pits.
 15124 | Lair:6   | Noticed an azure jelly
 15259 | Lair:6   | Identified the +1 chain mail of Narcissism {rPois Int+2}
 15482 | Snake:1  | Entered Level 1 of the Snake Pit
 16737 | Snake:2  | Found Warchastre's Armour Shoppe.
 16782 | Snake:2  | Found Igofo's Assorted Antiques.
 16817 | Snake:2  | Found Upus's Assorted Antiques.
 16865 | Snake:2  | Found Pemuolakeho's Assorted Antiques.
 16917 | Snake:2  | Bought a potion of curing for 87 gold pieces
 16917 | Snake:2  | Bought a potion of heal wounds for 145 gold pieces
 17016 | Snake:2  | Found a bloodstained altar of Trog.
 17357 | Snake:2  | Found Wikhul's Antique Armour Shop.
 17398 | Snake:2  | Received a gift from Trog
 17416 | Snake:2  | HP: 6/133 [salamander (8)]
 17416 | Snake:2  | Mangled by a salamander

Illustrated notes

Levels and vault maps discovered:
D:1:      minmay_arrival_checkered_box, layout_basic, nrook_campfire,
          minivault_24, minmay_domino_2
D:2:      layout_rooms, shapermc_ecumenical_altar_pompeii, serial_shops,
          shop_statue, basic_altar, corner_web_ring
D:3:      minmay_angry_zag, layout_rooms, mainiacjoe_overflow_24_doors,
          kennysheep_cross_room, minmay_surrounded
D:4:      layout_loops_ring, grunt_ministairs_15, st_stairs_7,
          minmay_quadrilaterals, uniq_ijyb, uniq_menkaure
D:5:      layout_loops_ring, uniq_pikel
D:6:      layout_basic, uniq_grinder, uniq_edmund
D:7:      layout_gridville, temple_green, serial_shops, nicolae_stop_n_shop_2
D:8:      layout_basic, mainiacjoe_overflow_tiny_flanked, serial_shops,
          nicolae_lakefront_shop
D:9:      layout_rooms, cheibrodos_ashenzari_chains,
          nicolae_overflow_hidden_temple
D:10:     erik_rubicon_b, layout_small_grid, enter_trove_5, kennysheep_boxes,
          uniq_erolcha
D:11:     layout_long_grid, due_lair_maze_entry_diamond,
          hangedman_abyss_or_decor_stabs
Lair:1:   kb_forest_paths, layout_regular_city, uniq_fannar
Lair:2:   layout_hall_layers, gammafunk_ghost_wrathful_warriors, minivault_26,
          infiniplex_staircase_pool_2
Lair:3:   nzn_winding_woodlands_stair_trap [nzn_winding_woodlands_5x15_zeroes,
          nzn_winding_woodlands_5x15_twine, nzn_winding_woodlands_5x15_eye,
          nzn_winding_woodlands_15x15_thick_spiral,
          nzn_winding_woodlands_5x15_river_crossing,
          nzn_winding_woodlands_5x15_pockets, nzn_winding_woodlands_5x15_cabin],
          layout_layer_cave, minmay_snake_entry_guardpost_medium,
          nicolae_lair_grove_arrangements
Lair:4:   layout_cave_shapes, elwin_shoals_entry_rocks, grunt_megastairs_2
Lair:5:   layout_hall_layers, st_stairs_12, chequers_serial_rivers_room_b
Lair:6:   evilmike_catoblepas_cave, layout_cave_pods, slime_altar_2
Snake:1:  layout_gridlike
Snake:2:  layout_cave_town, basic_altar, serial_shops, nicolae_shop_crystal,
          shop, nicolae_shop_statue_plus, shop, shop

Skill      XL: |  1  2  3  4  5  6  7  8  9 10 11 12 13 14 |
---------------+-------------------------------------------+-----
Axes           | 4 6 7 9 12 14 15 16 17 18 19 | 19.9
Fighting       | 4 5 7 10 11 13 14 | 14.5
Armour         | 3 5 7 9 11 13 14 | 14.3
Dodging        | 4 6 8 10 12 13 | 13.2

Action                   |  1- 3 |  4- 6 |  7- 9 | 10-12 | 13-15 || total
-------------------------+-------+-------+-------+-------+-------++-------
Melee: Hand axe          |    57 |       |       |       |       ||    57
       Headbutt          |     9 |    14 |    12 |    39 |    75 ||   149
       Punch             |     3 |       |       |       |       ||     3
       Battleaxe         |    15 |    81 |   147 |   278 |   318 ||   839
Throw: Throwing net      |       |       |       |     2 |       ||     2
Invok: Berserk           |       |     3 |     6 |    14 |    19 ||    42
       Brothers in Arms  |       |       |       |     3 |       ||     3
       Trog's Hand       |       |       |       |     1 |       ||     1
Evoke: Wand              |       |     2 |       |     1 |       ||     3
  Use: Scroll            |       |       |       |       |    17 ||    17
 Stab: Sleeping          |     4 |     3 |     1 |       |       ||     8
       Petrified         |       |       |       |     4 |       ||     4
Armor: Animal skin       |    11 |    10 |     1 |       |       ||    22
       Chain mail        |       |       |    49 |    70 |    36 ||   155
       Leather armour    |       |       |     1 |       |       ||     1
       Plate armour      |       |       |       |    31 |    56 ||    87
Dodge: Dodged            |    37 |    38 |    59 |    99 |   122 ||   355
